 Dungeon Crawl Stone Soup version 0.30.1-4-g462c640d31 (webtiles) character file.

Game seed: 10488528337908097138

136452 Gorgoleon the Slayer (level 17, -1/173 HPs)
             Began as a Hill Orc Berserker on Aug 16, 2023.
             Was the Champion of Trog.
             Killed from afar by a will-o-the-wisp (16 damage)
             ... with a foxfire
             ... on level 4 of the Swamp.
             The game lasted 01:41:56 (35208 turns).

Gorgoleon the Slayer (Hill Orc Berserker)          Turns: 35208, Time: 01:41:56

Health: -1/173     AC: 18    Str: 31    XL:     17   Next: 21%
Magic:  17/17      EV: 12    Int:  7    God:    Trog [******]
Gold:   1736       SH: 14    Dex:  5    Spells: 16/16 levels left

rFire   + . .        O - +8 broad axe of Trog's Righteous Anger {flame, Will+ Str+3 Dex-5 Stlth+}
rCold   + . .        j - +0 kite shield
rNeg    + . .        e - +0 swamp dragon scales
rPois   +            G - +2 hat {Will+}
rElec   +            r - +0 cloak
rCorr   +            (no gloves)
SInv    .            H - +3 pair of seven-league boots {Rampage+∞}
Will    +++++        a - amulet of reflection
Stlth   +            p - ring of positive energy
HPRegen 1.48/turn    t - ring of resist corrosion
MPRegen 0.15/turn

%: reflection, rampage+∞
@: resistant, strong-willed, on berserk cooldown, regenerating, slowed, very
slow
A: no striking features
a: Renounce Religion, Berserk, Trog's Hand, Brothers in Arms


You were on level 4 of the Swamp.
You worshipped Trog.
Trog was exalted by your worship.
You visited 5 branches of the dungeon, and saw 27 of its levels.
You also visited: Sewer and Bailey.

You collected 2841 gold pieces.
You spent 1105 gold pieces at shops.

Inventory:

Hand Weapons
 z - the +6 executioner's axe "Lisefaw" {heavy, Fragile rPois rC- Dex+8}
   (You found it on level 4 of the Swamp)

   Dex:       It affects your dexterity (+8).
   rC:        It makes you vulnerable to cold.
   rPois:     It protects you from poison.
   Fragile:   It will be destroyed if unequipped.
 O - the +8 broad axe of Trog's Righteous Anger (weapon) {flame, Will+ Str+3 Dex-5 Stlth+}
   (Trog gifted it to you on level 1 of the Lair of Beasts)

   Str:       It affects your strength (+3).
   Dex:       It affects your dexterity (-5).
   Will:      It increases your willpower.
   Stlth:     It makes you more stealthy.
Missiles
 c - 116 stones
 s - 5 datura-tipped darts
 y - 6 javelins
 F - a throwing net
 I - 25 poisoned darts
 J - a curare-tipped dart
 L - 13 boomerangs (quivered)
Armour
 e - +0 swamp dragon scales (worn)
 j - a +0 kite shield (worn)
 r - a +0 cloak (worn)
 G - a +2 hat of willpower (worn)
 H - the +3 pair of seven-league boots (worn) {Rampage+∞}
   (You found it on level 5 of the Lair of Beasts)

   Rampage+∞: When moving toward enemies, its wearer moves as far as possible,
   alerting their target en route.
Jewellery
 a - an amulet of reflection (around neck)
 p - a ring of positive energy (left hand)
 t - a ring of resist corrosion (right hand)
Wands
 n - a wand of iceblast (8)
 u - a wand of flame (12)
 x - a wand of paralysis (17)
 A - a wand of mindburst (20)
Scrolls
 d - 4 scrolls of fog
 f - 12 scrolls of teleportation
 m - 17 scrolls of identify
 q - 6 scrolls of fear
 v - a scroll of poison
 E - a scroll of immolation
 P - 3 scrolls of silence
 R - a scroll of butterflies
Potions
 b - 4 potions of cancellation
 g - 12 potions of curing
 h - 2 potions of invisibility
 i - a potion of magic
 k - a potion of berserk rage
 l - 3 potions of ambrosia
 o - 3 potions of resistance
 w - 3 potions of flight
Miscellaneous
 C - a lightning rod (4/4)
 D - a box of beasts


   Skills:
 + Level 21.5 Fighting
 - Level 18.0 Axes
 * Level 9.1 Throwing
 - Level 10.0 Armour
 * Level 13.7 Dodging
 - Level 10.0 Shields


You had 16 spell levels left.
You didn't know any spells.
Your spell library was empty.

Dungeon Overview and Level Annotations

Branches:
Dungeon (15/15)            Temple (1/1) D:7            Lair (5/5) D:9
  Swamp (4/4) Lair:3        Snake (0/4) Lair:2        Slime (0/5) Lair:4
    Orc (2/2) D:9             Elf (0/3) Orc:2        Vaults (0/5) D:14
 Depths (0/4) D:15          Sewer (visited)          Bailey (visited)

Altars:
Ashenzari
Cheibriados
Dithmenos
Elyvilon
Fedhas
Gozag
Hepliaklqana
Kikubaaqudgha
Makhleb
Nemelex Xobeh
Okawaru
Qazlal
Ru
Sif Muna
Trog
Uskayaw
Vehumet
Wu Jian
Xom
Yredelemnul
Zin
The Shining One
Jiyva

Shops:
D:2 *   D:4 [   D:8 [   D:13 (   D:15 (   Orc:2 *=?(

Portals:
Pandemonium: Orc:2

Annotations:
D:7 1 runed translucent door, ystael's ghost, novice GnHu
Lair:1 3 runed translucent doors, Stellion's ghost, journeyman MiBe
Lair:4 2 transporters, Nyzic's ghost, journeyman TrMo


Message History

The will-o-the-wisp gestures.
The will-o-the-wisp conjures some foxfire! 2 foxfires come into view.
The foxfire moves out of view.
You enter the shallow water.
Moving in this stuff is going to be slow.
You feel your anger nearly subside.
You are no longer berserk.
You are exhausted.
You feel yourself slow down.
You feel much better.
The foxfire dissipates!
The will-o-the-wisp gestures.
The will-o-the-wisp conjures some foxfire!
You feel protected.
A foxfire comes into view.
The foxfire moves out of view.
The will-o-the-wisp gestures.
The will-o-the-wisp conjures some foxfire! 2 foxfires come into view.
The foxfire hits you! You resist.
* * * LOW HITPOINT WARNING * * *
The foxfire hits you! You resist.
* * * LOW HITPOINT WARNING * * *
A swamp drake comes into view.
The will-o-the-wisp gestures.
The will-o-the-wisp conjures some foxfire! 2 foxfires come into view.
The foxfire hits you! You resist.
* * * LOW HITPOINT WARNING * * *
The foxfire hits you! You resist.
* * * LOW HITPOINT WARNING * * *
You slice the will-o-the-wisp!! You burn the will-o-the-wisp.
The will-o-the-wisp is almost destroyed.
The will-o-the-wisp gestures.
The will-o-the-wisp conjures some foxfire! 2 foxfires come into view.
You barely miss the will-o-the-wisp.
The will-o-the-wisp is almost destroyed.
The foxfire hits you! You resist.
You die...

.. ~§~~~♣ ~..♣♣♣♣♣ ~~
§§..~♣♣....~.♣♣ ~.
♣.~...~.~..~.~♣ .~
♣~††§~...♣ ~~
♣♣.~~.♣♣♣♣ ♣♣♣♣♣ ~~
♣♣~~.♣♣♣♣♣ ♣~~.♣ ~.
♣~k.~♣♣~♣♣♣ ♣♣♣~~~♣ .~
♣§v...~...♣♣♣§~~~.♣
~~~.
♣§v@.♣~~~~..~§~~.♣♣♣
~~~~
♣♣.v♣♣♣~~~~...~~.~~~♣
~.♣ ♣.♣.~♣♣
♣♣.~~....♣.~~.♣ ~§
§...♣♣♣♣♣.~~~§~.♣~~~.♣
♣
#♣..~~~♣♣.~~~~~~.§♣♣♣♣♣
# #♣~.~...†~§~~~~~~♣
♣.~~...~~~~~~~~.♣ #
#♣~~..♣.~~~.~~..♣ #
#♣.~~♣~......~♣♣♣


You could see a will-o-the-wisp and a swamp drake.

Vanquished Creatures
  A fenstrider witch (Swamp:2)
  A fire giant (D:15)
  An orc warlord (Orc:2)
  3 eleionomae
  A bunyip (Swamp:2)
  A shambling mangrove (Swamp:3)
  3 vault guards (D:14)
  8 hydras
  A rakshasa (D:15)
  A demonspawn (Orc:2)
  A ghost crab (Swamp:4)
  A catoblepas (D:15)
  6 centaur warriors
  4 boulder beetles
  13 alligators
  13 death yaks
  7 two-headed ogres
  5 tengu warriors
  7 orc high priests
  11 spriggans
  A deep elf knight (D:14)
  2 skysharks
  6 skeletal warriors
  5 goliath frogs
  4 spriggan druids
  4 swamp dragons
  4 wizards
  Pikel (D:5)
  6 bog bodies
  6 orc knights
  3 deep elf zephyrmancers
  4 cyclopes
  3 deep elf pyromancers
  11 orc sorcerers
  2 wolf spiders (Lair:2)
  11 ugly things
  2 will-o-the-wisps
  3 torpor snails
  7 black mambas
  A guardian serpent (Lair:5)
  3 gargoyles
  Maggie (D:6)
  15 cane toads
  3 rime drakes
  3 unseen horrors (D:13)
  5 kobold demonologists (D:12)
  An efreet (D:14)
  6 komodo dragons
  4 ice devils
  A tengu conjurer (D:14)
  A red devil (Orc:2)
  10 trolls
  9 hornets
  2 polar bears
  5 dream sheep
  10 tyrant leeches
  19 blink frogs
  15 slime creatures
  A shadow (D:7)
  3 wyverns
  45 yaks
  4 wraiths
  4 basilisks
  A chaos spawn (Orc:2)
  A neqoxec (Orc:2)
  25 vampire mosquitoes
  2 wargs
  An acid dragon (D:12)
  8 swamp worms
  22 water moccasins
  Pargi (Sewer)
  30 orc warriors
  7 ogres
  16 centaurs
  9 wolves (Lair:2)
  4 lemures (D:4)
  3 kobold brigands (D:12)
  16 bullfrogs
  3 scorpions
  9 killer bees
  4 howler monkeys
  An electric eel (Lair:5)
  Crazy Yiuf (D:4)
  3 gnoll boudas
  27 orc priests
  2 hounds
  4 iguanas
  18 orc wizards
  5 sleepcaps
  11 gnolls
  9 adders
  2 shadow imps
  A dart slug (D:3)
  84 orcs
  9 bats
  9 endoplasms
  7 giant cockroaches
  8 goblins
  8 hobgoblins
  8 jackals
  2 quokkas (D:1)
  4 ball pythons
  8 frilled lizards
  11 kobolds
  6 rats
755 creatures vanquished.

Vanquished Creatures (others)
  A bloated husk (Swamp:2)
  3 orcs (Bailey)
  25 foxfires
29 creatures vanquished.

Grand Total: 784 creatures vanquished

Notes
Turn   | Place    | Note
-------+----------+-------------------------------------------
     0 | D:1      | Gorgoleon the Hill Orc Berserker began the quest for the
                  | Orb.
     0 | D:1      | Reached XP level 1. HP: 19/19 MP: 1/1
   205 | D:1      | Reached XP level 2. HP: 21/26 MP: 2/2
   415 | D:1      | Reached skill level 5 in Axes
   621 | D:1      | Reached ** piety under Trog
   639 | D:1      | Reached XP level 3. HP: 31/31 MP: 3/3
  1251 | D:2      | Identified the +4 spear of Invincibility {flame, Dex+2}
  1735 | D:2      | Found Edeotsuiza's General Store.
  1852 | D:2      | Reached XP level 4. HP: 39/39 MP: 4/4
  2547 | D:3      | Found a faded altar of an unknown god.
  2659 | D:3      | Found a radiant altar of Vehumet.
  2667 | D:3      | Reached *** piety under Trog
  2837 | D:3      | Reached XP level 5. HP: 42/46 MP: 5/5
  2972 | D:3      | Reached skill level 4 in Fighting
  2993 | D:3      | Reached skill level 1 in Shields
  3084 | D:3      | Found a shadowy altar of Dithmenos.
  3167 | D:4      | Reached skill level 1 in Throwing
  3187 | D:4      | Found Cecw's Antique Armour Shoppe.
  3233 | D:4      | Identified a scroll of acquirement
  3233 | D:4      | Acquired a manual of Axes
  3504 | D:4      | Reached XP level 6. HP: 31/52 MP: 6/6
  4042 | D:4      | Found a runed translucent door.
  4043 | D:4      | Noticed Crazy Yiuf
  4049 | D:4      | Killed Crazy Yiuf
  4247 | D:5      | Entered Level 5 of the Dungeon
  4288 | D:5      | Noticed Pikel
  4654 | D:5      | Killed Pikel
  4655 | D:5      | Reached XP level 7. HP: 27/59 MP: 7/7
  4655 | D:5      | Reached XP level 8. HP: 30/66 MP: 8/8
  5509 | D:5      | Reached **** piety under Trog
  6234 | D:6      | Noticed Maggie
  6497 | D:6      | Killed Maggie
  6671 | D:6      | Found a glowing drain.
  6686 | Sewer    | Entered a sewer
  6703 | Sewer    | Noticed Pargi
  6711 | Sewer    | Killed Pargi
  7099 | D:6      | Reached XP level 9. HP: 72/72 MP: 9/9
  7655 | D:6      | Noticed a deep elf zephyrmancer
  7663 | D:6      | Killed a deep elf zephyrmancer
  7664 | D:6      | Reached skill level 5 in Fighting
  8069 | D:7      | Reached skill level 5 in Shields
  8301 | D:7      | Found a runed translucent door.
  8301 | D:7      | Noticed ystael's ghost (novice GnHu)
  8434 | D:7      | Found a staircase to the Ecumenical Temple.
  8448 | Temple   | Entered the Ecumenical Temple
  8690 | D:7      | Found an ornate altar of the Wu Jian Council.
  8703 | D:7      | Found a blossoming altar of Fedhas.
  8703 | D:7      | Found a glowing silver altar of Zin.
  9217 | D:8      | Reached skill level 5 in Armour
  9387 | D:8      | Reached skill level 6 in Fighting
  9460 | D:8      | Found a hazy altar of Hepliaklqana.
  9528 | D:8      | Identified the +1 chain mail of the Lair of Beasts {rC+}
  9619 | D:8      | Found Kof Hul's Armour Shop.
  9627 | D:8      | Bought a +2 hat of willpower for 273 gold pieces
  9768 | D:8      | Reached XP level 10. HP: 83/83 MP: 10/10
 10285 | D:9      | Found a staircase to the Orcish Mines.
 10420 | D:9      | Found a staircase to the Lair.
 10503 | D:9      | Reached skill level 7 in Fighting
 10585 | D:9      | Noticed a two-headed ogre
 10600 | D:9      | Killed a two-headed ogre
 10601 | D:9      | Reached skill level 8 in Fighting
 10780 | D:9      | Found a bloodstained altar of Trog.
 11190 | D:10     | Entered Level 10 of the Dungeon
 11326 | D:10     | Found a shimmering blue altar of Sif Muna.
 11497 | D:10     | Found a flagged portal.
 11506 | Bailey   | Entered a bailey
 11547 | Bailey   | Reached ***** piety under Trog
 12001 | D:10     | Noticed a centaur warrior
 12009 | D:10     | Killed a centaur warrior
 12108 | D:10     | Reached XP level 11. HP: 88/95 MP: 11/11
 12370 | D:11     | Noticed a two-headed ogre
 12371 | D:11     | Noticed a two-headed ogre
 12380 | D:11     | Killed a two-headed ogre
 12381 | D:11     | Reached skill level 9 in Fighting
 12382 | D:11     | Noticed a two-headed ogre
 12385 | D:11     | Noticed a two-headed ogre
 12387 | D:11     | Killed a two-headed ogre
 12388 | D:11     | Reached skill level 5 in Dodging
 12394 | D:10     | Killed a two-headed ogre
 12729 | D:11     | Killed a two-headed ogre
 12871 | D:11     | Found a broken altar of Ashenzari.
 12900 | D:11     | Reached skill level 5 in Throwing
 13343 | D:11     | Reached skill level 10 in Fighting
 13597 | D:12     | Noticed a deep elf zephyrmancer
 13599 | D:12     | Noticed a deep elf pyromancer
 13612 | D:12     | Noticed a deep elf zephyrmancer
 13616 | D:12     | Killed a deep elf zephyrmancer
 13623 | D:12     | Killed a deep elf zephyrmancer
 13645 | D:12     | Reached XP level 12. HP: 95/107 MP: 12/12
 13718 | D:12     | Reached skill level 10 in Shields
 13767 | D:12     | Reached skill level 11 in Fighting
 13823 | D:12     | Noticed a boulder beetle
 13839 | D:12     | Killed a boulder beetle
 14230 | Lair:1   | Entered Level 1 of the Lair of Beasts
 14399 | Lair:1   | Identified the +8 broad axe of Trog's Righteous Anger
                  | {flame, Will+ Str+3 Dex-5 Stlth+} (Trog gifted it to you on
                  | level 1 of the Lair of Beasts)
 14399 | Lair:1   | Received a gift from Trog
 14659 | Lair:1   | Reached skill level 12 in Fighting
 14931 | Lair:1   | Found a runed translucent gate.
 14932 | Lair:1   | Found a runed translucent gate.
 14934 | Lair:1   | Found a runed translucent gate.
 14947 | Lair:1   | Noticed Stellion's ghost (journeyman MiBe)
 16113 | Lair:2   | Reached skill level 13 in Fighting
 16113 | Lair:2   | Reached XP level 13. HP: 122/122 MP: 13/13
 16482 | Lair:2   | Found a staircase to the Snake Pit.
 17688 | Lair:3   | Reached skill level 14 in Fighting
 18016 | Lair:3   | Found a staircase to the Swamp.
 18806 | Lair:3   | Received a gift from Trog
 18807 | Lair:3   | Reached skill level 10 in Armour
 18812 | Lair:3   | Reached skill level 15 in Fighting
 19290 | Lair:4   | Found a transporter.
 19293 | Lair:4   | Found a transporter.
 19295 | Lair:4   | Noticed Nyzic's ghost (journeyman TrMo)
 19374 | Lair:4   | Found a viscous altar of Jiyva.
 19374 | Lair:4   | Found a staircase to the Slime Pits.
 19639 | Lair:5   | Entered Level 5 of the Lair of Beasts
 19649 | Lair:4   | Reached XP level 14. HP: 135/135 MP: 14/14
 20068 | Lair:4   | Reached skill level 16 in Fighting
 20955 | Lair:5   | Received a gift from Trog
 21545 | Lair:5   | Reached skill level 17 in Fighting
 21782 | Lair:5   | Identified the ring "Texkyretao" {Wiz rC+++ rN+ Str-5
                  | Dex+3}
 22151 | Lair:5   | Found the +3 pair of seven-league boots {Rampage+∞}
 22549 | Orc:1    | Entered Level 1 of the Orcish Mines
 22760 | Orc:1    | Found a radiant altar of Vehumet.
 23028 | Orc:1    | Found a frozen archway.
 23317 | Orc:2    | Entered Level 2 of the Orcish Mines
 23393 | Orc:2    | Found a staircase to the Elven Halls.
 23456 | Orc:2    | Reached ****** piety under Trog
 23533 | Orc:2    | Noticed an orc warlord
 23543 | Orc:2    | Reached skill level 18 in Fighting
 23544 | Orc:2    | Received a gift from Trog
 23547 | Orc:2    | Killed an orc warlord
 23548 | Orc:2    | Reached XP level 15. HP: 149/149 MP: 15/15
 23838 | Orc:2    | Found a shimmering blue altar of Sif Muna.
 24304 | Orc:2    | Found Cutur's Magic Scroll Emporium.
 24317 | Orc:2    | Found Diskuk's General Store.
 24339 | Orc:2    | Bought a scroll of acquirement for 832 gold pieces
 24341 | Orc:2    | Acquired the ring of Compulsion {Fly rElec Will+ Str-4}
 24761 | Orc:2    | Received a gift from Trog
 24775 | Orc:2    | Reached skill level 19 in Fighting
 25107 | Orc:2    | Found Dutaliul's Jewellery Boutique.
 25107 | Orc:2    | Found Tipsiqum's Antique Weapon Shop.
 25108 | Orc:2    | Found a one-way gate leading to the halls of Pandemonium.
 25471 | D:13     | Found Hiqor's Antique Weapon Emporium.
 25876 | D:13     | Reached skill level 10 in Dodging
 26180 | D:13     | Reached skill level 20 in Fighting
 26737 | D:14     | You fall into a shaft and drop 1 floor!
 26737 | D:15     | Entered Level 15 of the Dungeon
 27785 | D:14     | Reached XP level 16. HP: 152/162 MP: 16/16
 28192 | D:14     | Found a gate to the Vaults.
 28676 | D:15     | Found Ilouko's Antique Weapon Boutique.
 28938 | D:15     | Found a staircase to the Depths.
 29580 | D:15     | Identified the +2 broad axe of Puckish Dissent {heavy, rF+}
                  | (Trog gifted it to you on level 15 of the Dungeon)
 29580 | D:15     | Received a gift from Trog
 30505 | Swamp:1  | Entered Level 1 of the Swamp
 32172 | Swamp:2  | Noticed a fenstrider witch
 32187 | Swamp:2  | Killed a fenstrider witch
 32187 | Swamp:2  | HP: 8/165 [poison]
 32523 | Swamp:2  | Received a gift from Trog
 33615 | Swamp:3  | Reached skill level 21 in Fighting
 34199 | Swamp:3  | Reached XP level 17. HP: 169/173 MP: 17/17
 34367 | Swamp:4  | Entered Level 4 of the Swamp
 35197 | Swamp:4  | Identified the +6 executioner's axe "Lisefaw" {heavy,
                  | Fragile rPois rC- Dex+8}
 35208 | Swamp:4  | Killed from afar by a will-o-the-wisp

Illustrated notes

Levels and vault maps discovered:
D:1:      dpeg_arrival_morbid_curiosity, layout_basic
D:2:      wad_lake_hut, layout_rooms, serial_shops, shop
D:3:      layout_loops_cross, nicolae_overflow_crystal_walls,
          mainiacjoe_overflow_catwalk,
          dreamdust_ecumenical_altar_angels_and_demons,
          chequers_serial_rivers_small_b
D:4:      layout_cave_pods, serial_shops, shop, kennysheep_small_square,
          uniq_crazy_yiuf_cottage
D:5:      layout_layer_cave, uniq_pikel
D:6:      layout_cave_pools, serial_co_window_serial,
          co_window_of_opportunity_a, co_window_of_opportunity_a,
          co_window_of_opportunity_a, co_window_of_opportunity_a,
          co_window_of_opportunity_a, co_window_paths_b, co_window_corner_a,
          co_window_paths_a, co_window_paths_b, co_window_cross_4,
          co_window_paths_c, co_window_cross_3, co_window_paths_e,
          portal_sewer_entry_b, guppyfry_early_elven_hall, uniq_maggie
D:7:      layout_gridville, grunt_temple_overflow_open,
          minmay_temple_entry_crystal_x, hellmonk_ghost_happy_afterlife
D:8:      layout_loops_corners, nicolae_hepliaklqana_hazy_memory, serial_shops,
          nicolae_shop_waterfront
D:9:      layout_small_grid, lightli_temple_of_fire, dpeg_oklobed_lair,
          orc_0_dummy, chequers_serial_rivers_small_3, nicolae_underground_beach
D:10:     layout_small_grid, mainiacjoe_overflow_alcove_4, enter_bailey_2,
          skrybe_limestone_x, minmay_microvault
D:11:     layout_big_octagon, ashenzari_conservatory_becter
D:12:     layout_rooms, bh_hangedman_babel_library
D:13:     layout_roguey, serial_shops, shop
D:14:     layout_cave_pods, grunt_vaults_entry_fortified,
          chequers_serial_rivers_room_a, nicolae_straight_to_the_point
D:15:     grunt_enter_depths_giant_problem, layout_loops_cross,
          solitary_fountain, serial_shops, shop, minivault_26, moated_statue
Temple:   dpeg_chambers_temple
Lair:1:   layout_cave_pods, gammafunk_ghost_necromancy
Lair:2:   layout_regular_city, minmay_snake_entry_six_corridors,
          serial_bayou_pond_c, nicolae_lair_run_with_the_wolves,
          grunt_megastairs_4
Lair:3:   layout_cave_pods, minmay_swamp_entry_worms
Lair:4:   layout_long_grid, dpeg_slime_entry_enclosed, gammafunk_ghost_arena,
          grunt_megastairs_3
Lair:5:   minmay_lair_end_frog_pond, layout_misc_corridors,
          hellmonk_guarded_unrand_seven_league_boots, lemuel_fruit_fields
Swamp:1:  layout_basic_swamp, evilmike_swamp_ruin_house_1
Swamp:2:  layout_basic_swamp, evilmike_swamp_ruin_house_3
Swamp:3:  layout_basic_swamp, evilmike_swamp_ruin_rubble_1,
          nicolae_swamp_well_well_well, infiniplex_staircase_pool_2
Swamp:4:  swamp, layout_basic_swamp, infiniplex_staircase_pool, uniq_donald
Orc:1:    layout_diamond_mine, portal_ice_cave_demonic_guard, basic_altar
Orc:2:    pf_orc_diabolical, layout_diamond_mine, kennysheep_orc_sif_temple

Skill      XL: |  1  2  3  4  5  6  7  8  9 10 11 12 13 14 15 16 17 |
---------------+----------------------------------------------------+-----
Axes           | 5 6 7 12 16 18 | 18.0
Fighting       | 4 6 8 10 13 15 18 20 21 | 21.5
Shields        | 1 3 5 7 9 10 | 10.0
Throwing       | 1 2 3 4 5 6 7 8 9 |  9.1
Dodging        | 2 3 4 5 7 8 9 11 13 | 13.7
Armour         | 3 5 6 8 9 10 | 10.0

Action                     |  1- 3 |  4- 6 |  7- 9 | 10-12 | 13-15 | 16-18 || total
---------------------------+-------+-------+-------+-------+-------+-------++-------
  Melee: Hand axe          |   166 |   104 |       |       |       |       ||   270
         Punch             |     2 |       |       |       |       |       ||     2
         War axe           |       |   103 |   298 |   467 |       |       ||   868
         Broad axe         |       |       |       |    90 |   897 |   493 ||  1480
  Throw: Stone             |       |     3 |    12 |     3 |    24 |     4 ||    46
         Boomerang         |       |       |       |       |       |     4 ||     4
         Dart              |       |       |       |       |       |     1 ||     1
 Invoke: Berserk           |       |     3 |     1 |     2 |     5 |     2 ||    13
         Trog's Hand       |       |       |     2 |       |     1 |     3 ||     6
    Use: Scroll            |     4 |     9 |     6 |    11 |     4 |     1 ||    35
         Potion            |       |     2 |     3 |     1 |     3 |     6 ||    15
   Stab: Distracted        |       |       |       |       |       |     1 ||     1
         Sleeping          |       |       |       |       |       |     1 ||     1
 Armour: Animal skin       |    36 |       |       |       |       |       ||    36
         Scale mail        |       |    59 |    24 |       |       |       ||    83
         Swamp dragon scal |       |       |    33 |   123 |   185 |   160 ||   501
  Dodge: Dodged            |    92 |    59 |    69 |   171 |   182 |   137 ||   710
  Block: Kite shield       |       |   112 |   143 |   364 |   458 |   279 ||  1356
         Reflection        |       |       |     9 |    22 |    15 |    28 ||    74
